Map: Coda LE (Void)

Players

Player1 (Seed) - Winner!

  • Race: Protoss Protoss

Player4 (GuMiho)

  • Race: Terran Terran

Event: Team Gravity's Fight Night #13

VOD

https://www.youtube.com/watch?v=8zqqsS00DPA&list=PL_BOlLcv8KbhFbvTakl6AYJq-DW01oMw_

Description

Time

  • Played on: April 5, 2015, 7:40 p.m.
  • Length: 7:46

All games in this series

Show
View Real Time Build Order
Export as new Build Order

Player1 Protoss - Winner!

Build Orders: 1 Gate MSC Expand, Phoenix Opening, Phoenix Opening, Immortal Stalker 

Get SALT Encoding   

  12  0:01  Probe  
  13  0:15  Pylon  
  13  0:17  Probe  
  14  0:33  Probe (Chrono Boost)  
  15  0:36  Gateway  
  16  0:43  Probe (Chrono Boost)  
  16  0:50  Probe  
  16  0:51  Assimilator  
  16  0:54  Assimilator  
  17  1:02  Probe (Chrono Boost)  
  18  1:07  Pylon  
  18  1:14  Probe (Chrono Boost)  
  19  1:22  Probe (Chrono Boost)  
  19  1:24  Cybernetics Core  
  20  1:31  Probe  
  21  1:43  Probe  
  22  1:47  Pylon  
  22  1:56  Probe (Chrono Boost)  
  22  2:01  Adept (Chrono Boost), Warp Gate  
  25  2:09  Mothership Core (Chrono Boost)  
  27  2:23  Probe  
  28  2:32  Nexus  
  28  2:35  Probe  
  29  2:38  Sentry  
  31  2:47  Probe  
  32  2:51  Stargate  
  32  2:59  Probe  
  33  3:11  Probe  
  32  3:16  Sentry  
  34  3:23  Probe  
  34  3:26  Pylon  
  35  3:35  Probe, Phoenix (Chrono Boost)  
  35  3:39  Robotics Facility  
  38  3:44  Probe  
  38  3:47  Probe  
  38  4:08  Probe  
  38  4:09  Probe, Phoenix (Chrono Boost)  
  40  4:11  Stalker  
  40  4:21  Probe (Chrono Boost)  
  42  4:26  Probe (Chrono Boost)  
  42  4:27  Phoenix (Chrono Boost)  
  42  4:31  Probe (Chrono Boost)  
  45  4:34  Probe (Chrono Boost)  
  45  4:35  Assimilator  
  45  4:37  Assimilator  
  46  4:43  Probe (Chrono Boost)  
  43  4:49  Probe (Chrono Boost)  
  44  4:55  Probe (Chrono Boost)  
  44  4:59  Probe (Chrono Boost)  
  46  5:00  Immortal (Chrono Boost)  
  46  5:02  Probe (Chrono Boost)  
  46  5:07  Pylon  
  51  5:12  Phoenix  
  53  5:25  Gateway  
  53  5:26  Gateway  
  53  5:27  Sentry  
  55  5:28  Gateway  
  55  5:31  Probe x2  
  57  5:41  Immortal (Chrono Boost)  
  60  5:57  Sentry, Probe x2  
  60  5:59  Pylon  
  64  6:11  Immortal (Chrono Boost)  
  68  6:14  Pylon  
  68  6:21  Gateway  
  68  6:22  Gateway  
  67  6:26  Sentry, Stalker x2  
  69  6:45  Stalker  
  71  6:48  Immortal (Chrono Boost)  
  75  6:58  Stalker  
  75  6:59  Stalker x2  
  81  7:10  Stalker  
  83  7:18  Pylon  
  75  7:40  Stalker  
  75  7:41  Stalker x5  
Show
View Real Time Build Order
Export as new Build Order

Player4 Terran 

Build Orders: Cyclone Opening, Factory Expand, Hellion Cyclone 

Get SALT Encoding   

  12  0:00  SCV  
  13  0:11  Refinery  
  13  0:25  Supply Depot  
  13  0:26  SCV  
  14  0:38  SCV  
  15  0:49  Barracks  
  15  0:50  SCV  
  16  1:02  SCV  
  17  1:07  Supply Depot  
  17  1:18  SCV  
  18  1:36  Factory  
  18  1:38  Orbital Command  
  18  1:40  Barracks Tech Lab  
  18  2:04  SCV  
  19  2:16  SCV  
  20  2:27  Cyclone  
  20  2:29  SCV  
  23  2:31  Command Center  
  23  2:41  SCV  
  24  2:45  Refinery  
  24  2:53  SCV  
  24  2:57  Armory  
  25  3:01  Hellion  
  27  3:08  SCV  
  27  3:21  SCV  
  28  3:31  Cyclone  
  31  3:52  SCV  
  31  3:53  Orbital Command  
  32  4:07  SCV  
  33  4:12  Cyclone  
  33  4:21  SCV x2  
  33  4:24  Refinery  
  35  4:27  Unknown  
  35  4:32  Command Center  
  35  4:33  SCV x2, Refinery  
  37  4:46  SCV  
  37  4:47  SCV  
  37  4:52  Cyclone  
  39  4:53  Engineering Bay  
  39  4:59  SCV x2  
  39  5:11  SCV x2  
  41  5:14  Missile Turret  
  41  5:15  Missile Turret  
  41  5:17  Missile Turret  
  38  5:23  SCV x2  
  38  5:24  Cyclone  
  38  5:25  Factory  
  38  5:26  Barracks Tech Lab  
  43  5:35  SCV x2  
  45  5:47  SCV x2  
  45  5:57  Cyclone  
  45  5:59  SCV x2  
  45  6:01  Orbital Command  
  50  6:17  SCV  
  51  6:19  SCV  
  51  6:22  Factory  
  51  6:23  Barracks Reactor  
  52  6:29  SCV  
  52  6:31  SCV  
  53  6:33  Orbital Command  
  53  6:36  Cyclone  
  55  6:42  SCV  
  55  6:43  SCV, Cyclone  
  52  6:51  Missile Turret  
  52  6:54  SCV  
  53  6:55  SCV  
  55  7:01  Missile Turret  
  55  7:05  Missile Turret  
  55  7:06  SCV  
  55  7:07  SCV  
  55  7:08  Cyclone  
  55  7:10  Missile Turret  
  60  7:18  SCV  
  60  7:19  SCV  
  60  7:22  Hellion  
  60  7:24  Hellion  
  54  7:31  SCV  

Tags
 
Add a new tag
Caveats
  • Supply blocks, unpowered buildings, or Contaminate may cause inaccurate times.
  • Supply counts are checked every 10 seconds.